 Seeded DCSS version 0.31-a0-325-g067879e (webtiles) character file.

Game seed: 996382699280931121 (custom seed)

17295378 PurpleRed the Annihilator (level 27, 284/284 HPs)
             Began as a Demigod Conjurer on July 17, 2023.
             Escaped with the Orb
             ... and 15 runes on July 18, 2023!
             The game lasted 07:11:45 (89776 turns).

PurpleRed the Annihilator (Demigod Conjurer)       Turns: 89776, Time: 07:11:46

Health: 284/284    AC: 14    Str:  6    XL:     27
Magic:  63/64      EV: 27    Int: 59    God:
Gold:   11233      SH:  0    Dex: 21    Spells: 0/68 levels left

rFire   + + .        b - staff of conjuration
rCold   + + +        Q - crystal ball of Wucad Mu {*channel}
rNeg    + + +        F - +1 robe of Vines {NoPotionHeal Regen++++}
rPois   ∞            L - +3 hat of Pondering {ponderous, Will+ MP+10 Int+5}
rElec   +            l - +0 cloak "Wemib" {Harm rPois rN++ Int+2}
rCorr   +            P - +2 pair of gloves {Str+3}
SInv    .            q - +2 pair of boots "Damnable Contraption" {Fly Regen+ Str-3 Dex+5}
Will    +++++        m - amulet "Uceblov" {RegenMP Rampage rF+ rC++ Regen+}
Stlth   ++           I - ring of Relativism {Wiz rElec Will+}
HPRegen 5.47/turn    Y - ring "Inyrgh" {rPois rF+ Will+ rCorr}
MPRegen 0.79/turn

%: harm (+30% outgoing, +20% incoming), rampage, wizardry (x1), channel magic
(40%)
@: death-form, flying, studying 3 skills, slow
A: vile attack, torment immunity, no potions, high MP 1, forlorn, divine
attributes, talons 1, robust 1, weak 1
0: Orb of Zot
}: 15/15 runes: barnacled, slimy, silver, golden, iron, obsidian, icy, bone,
abyssal, demonic, glowing, magical, fiery, dark, gossamer
a: Siphon Essence, Begin Untransformation


You escaped.
You were an undying horror.
You visited 18 branches of the dungeon, and saw 88 of its levels.
You visited Pandemonium 3 times, and saw 14 of its levels.
You visited the Abyss 1 time.
You visited 1 ziggurat, and saw 15 of its levels.
You also visited: Gauntlet and Wizlab.

You collected 17023 gold pieces.
You spent 5790 gold pieces at shops.

Inventory:

Hand Weapons
 a - a +9 vampiric double sword
 r - the +11 falchion of Greed {flame, Dex+3}
   (You took it off a deep elf high priest on level 3 of the Elven Halls)

   Dex:       It affects your dexterity (+3).
 t - a +9 long sword of holy wrath
Missiles
 N - 25 silver javelins
Armour
 l - the +0 cloak "Wemib" (worn) {Harm rPois rN++ Int+2}
   (You acquired it on level 2 of the Orcish Mines)

   Int:       It affects your intelligence (+2).
   rPois:     It protects you from poison.
   rN:        It greatly protects you from negative energy.
   Harm:      It increases damage dealt and taken.
 q - the +2 pair of boots "Damnable Contraption" (worn) {Fly Regen+ Str-3 Dex+5}
   (You found it on level 13 of a ziggurat)

   Str:       It affects your strength (-3).
   Dex:       It affects your dexterity (+5).
   Fly:       It grants you flight.
   Regen:     It increases your rate of health regeneration.
 u - the +2 pair of slick slippers {slick, slippery, EV+4}
   (You found it on level 4 of the Shoals)

   Slick:     Its wearer cannot be constricted, engulfed, netted or webbed.
   Slippery:  Its wearer slips away from damaging melee attacks, pulling the
   attacker onward.
   EV:        It affects your evasion (+4).
 v - the scarf of the Nexus {rC+ rF+, rCorr Int+4}
   (You found it on level 4 of the Spider Nest)

   Int:       It affects your intelligence (+4).
   rCorr:     It protects you from acid and corrosion.
 y - the +3 salamander hide armour {Flames, rFlCloud rF++ rC--}
   (You found it on level 3 of the Crypt)

   Flames:    It surrounds you with flame clouds and enhances your fire magic.
   rFlCloud:  It grants immunity to flame clouds.
   rF:        It greatly protects you from fire.
   rC:        It makes you very vulnerable to cold.
 F - the +1 robe of Vines (worn) {NoPotionHeal Regen++++}
   (You found it on level 4 of the Vaults)

   NoPotionHeal: Its wearer cannot be healed by potions.
   Regen:     It increases your rate of health regeneration.
 L - the +3 hat of Pondering (worn) {ponderous, Will+ MP+10 Int+5}
   (You bought it in a shop on level 15 of the Dungeon)

   Int:       It affects your intelligence (+5).
   MP:        It affects your magic capacity (+10).
   Will:      It increases your willpower.
 P - a +2 pair of gloves of strength (worn)
 Q - the crystal ball of Wucad Mu (worn) {*channel}
   (You found it in a wizard's laboratory)

   *Channel:  It often returns the magic spent to cast spells, but lowers their
   success rate.
   It always returns the magic spent on miscasts.
 Z - the orb of Dispater {+Damnation *Corrode AC+5}
   (You took it off Dispater on level 7 of the Iron City of Dis)

   +Damnation: It grants the ability to hurl damnation at the cost of health and
   magic, with strength depending on Evocations skill.
   AC:        It affects your AC (+5).
   *Corrode:  It may corrode you when you take damage.
Magical Staves
 b - a staff of conjuration (weapon)
 c - the staff of Inquiry {rF+ Dex+2 Fire}
   (You found it on level 12 of a ziggurat)

   [staff of fire]

   Base accuracy: +5 Base damage: 5 Base attack delay: 1.2 This weapon's minimum
   attack delay (0.6) is reached at skill level 12.
   Dex:       It affects your dexterity (+2).
   rF:        It protects you from fire.
   Fire:      It increases the power of your Fire spells.
   It falls into the 'Staves' category.
   It is a one-handed weapon.
Jewellery
 k - the ring "Yloijohi" {*Slow Fly rF++ Int+2}
   (You took it off a deep elf death mage on level 5 of the Vaults)

   [ring of flight]

   Int:       It affects your intelligence (+2).
   rF:        It greatly protects you from fire.
   Fly:       It grants you flight.
   *Slow:     It may slow you when you take damage.
 m - the amulet "Uceblov" (around neck) {RegenMP Rampage rF+ rC++ Regen+}
   (You found it on level 14 of a ziggurat)

   [amulet of magic regeneration]

   It increases your rate of magic regeneration.
   rF:        It protects you from fire.
   rC:        It greatly protects you from cold.
   Regen:     It increases your rate of health regeneration.
   Rampage:   It bestows one free step when moving towards enemies.
 s - the ring "Ihiabb" {Fire rN+ Str+5 SInv}
   (You found it on level 3 of the Crypt)

   [ring of fire]

   It enhances your fire magic.
   Str:       It affects your strength (+5).
   rF:        It protects you from fire.
   rC:        It makes you vulnerable to cold.
   rN:        It protects you from negative energy.
   SInv:      It lets you see invisible.
 I - the ring of Relativism (left hand) {Wiz rElec Will+}
   (You found it on level 8 of a ziggurat)

   [ring of wizardry]

   It improves your spell success rate.
   rElec:     It insulates you from electricity.
   Will:      It increases your willpower.
 O - the amulet "Sysonin" {Reflect rElec Regen+ rCorr Int+3 SH+5}
   (You took it off a deep elf pyromancer on level 3 of the Elven Halls)

   [amulet of reflection]

   It reflects blocked missile attacks.
   Int:       It affects your intelligence (+3).
   rElec:     It insulates you from electricity.
   Regen:     It increases your rate of health regeneration.
   rCorr:     It protects you from acid and corrosion.
   SH:        It affects your SH (+5).
 V - the ring of the Queen {rPois Will+ rCorr Int+4}
   (You found it on level 8 of a ziggurat)

   [ring of resist corrosion]

   Int:       It affects your intelligence (+4).
   rPois:     It protects you from poison.
   rCorr:     It protects you from acid and corrosion.
   Will:      It increases your willpower.
 X - the ring of Arrival {rF+ Int+4 Dex+6}
   (You found it on level 5 of the Vaults)

   [ring of protection from fire]

   Int:       It affects your intelligence (+4).
   Dex:       It affects your dexterity (+6).
   rF:        It protects you from fire.
 Y - the ring "Inyrgh" (right hand) {rPois rF+ Will+ rCorr}
   (You found it on level 3 of the Tomb of the Ancients)

   [ring of willpower]

   rF:        It protects you from fire.
   rPois:     It protects you from poison.
   rCorr:     It protects you from acid and corrosion.
   Will:      It increases your willpower.
Talismans
 j - a granite talisman
 z - a storm talisman
 K - a talisman of death
Wands
 d - a wand of roots (97)
 C - a wand of quicksilver (43)
 R - a wand of digging (25)
Scrolls
 e - 2 scrolls of fear
 f - 30 scrolls of teleportation
 n - 9 scrolls of fog
 p - 11 scrolls of blinking
 x - 8 scrolls of silence
 G - 12 scrolls of immolation
 M - 9 scrolls of amnesia
 T - 2 scrolls of butterflies
Potions
 g - 19 potions of mutation
 i - 7 potions of cancellation
 o - 19 potions of heal wounds
 w - 32 potions of curing
 A - 5 potions of berserk rage
 B - 8 potions of magic
 D - 2 potions of haste
 E - 3 potions of invisibility
 H - 4 potions of ambrosia
 J - 15 potions of might
 S - 2 potions of resistance
 U - 2 potions of brilliance
 W - 11 potions of enlightenment
Miscellaneous
 h - a figurine of a ziggurat


   Skills:
 + Level 23.5 Fighting
 - Level 14.0 Long Blades
 - Level 8.6 Armour
 + Level 19.0 Dodging
 * Level 10.9 Stealth
 - Level 12.0 Shields
 - Level 21.0 Spellcasting
 O Level 27 Conjurations
 - Level 3.0 Hexes
 - Level 2.0 Translocations
 - Level 20.0 Fire Magic
 - Level 14.0 Ice Magic
 - Level 20.0 Air Magic
 - Level 8.0 Earth Magic
 - Level 21.0 Shapeshifting


You couldn't memorise any spells.
You knew the following spells:

 Your Spells              Type           Power      Damage    Failure   Level
a - Orb of Destruction    Conj           90%        9d20      1%          7
b - Fire Storm            Conj/Fire      87%        8d22      2%          9
c - Iskenderun's Mystic   Conj/Tloc      100%       2d19      1%          4
d - Lehudib's Crystal Sp  Conj/Erth      79%        10d18     1%          8
e - Fireball              Conj/Fire      87%        3d32      1%          5
f - Starburst             Conj/Fire      87%        6d22      1%          6
g - Ozocubu's Refrigerat  Ice            61%        4d21      1%          7
h - Freezing Cloud        Conj/Ice/Air   83%        6-21      1%          5
v - Chain Lightning       Conj/Air       87%        3d116     2%          9
x - Ignition              Fire           69%        3d18      1%          8

Your spell library contained the following spells:

 Spells                   Type           Power      Damage    Failure   Level
 Foxfire                  Conj/Fire      100%       2x1d9     1%          1
 Freeze                   Ice            100%       1d10      1%          1
 Kiss of Death            Conj/Necr      100%       2d13      1%          1
 Magic Dart               Conj           100%       1d8       1%          1
 Necrotise                Necr           100%       1d9       1%          1
 Sandblast                Erth           100%       2d20      1%          1
 Shock                    Conj/Air       100%       1d9       1%          1
 Sting                    Tmut/Pois      100%       1d8       1%          1
 Summon Small Mammal      Summ           100%       N/A       1%          1
 Blink                    Tloc           100%       N/A       1%          2
 Call Imp                 Summ           100%       N/A       1%          2
 Cigotuvi's Dreadful Rot  Necr/Pois/Air  100%       N/A       1%          2
 Ensorcelled Hibernation  Hex/Ice        100%       N/A       1%          2
 Lesser Beckoning         Tloc           100%       N/A       1%          2
 Momentum Strike          Conj/Tloc      100%       3d10      1%          2
 Passwall                 Tmut/Erth      69%        N/A       1%          2
 Poisonous Vapours        Pois/Air       100%       N/A       1%          2
 Scorch                   Fire           100%       2d9       1%          2
 Searing Ray              Conj           100%       2d8       1%          2
 Static Discharge         Conj/Air       100%       2-7/arc   1%          2
 Sublimation of Blood     Necr           58%        N/A       1%          2
 Wereblood                Tmut           58%        N/A       1%          2
 Call Canine Familiar     Summ           58%        N/A       1%          3
 Confusing Touch          Hex            77%        N/A       1%          3
 Dazzling Flash           Conj/Hex       100%       N/A       1%          3
 Frozen Ramparts          Ice            100%       1d16      1%          3
 Gell's Gravitas          Tloc           71%        N/A       1%          3
 Hailstorm                Conj/Ice       100%       3d20      1%          3
 Ignite Poison            Fire/Tmut/Pois 96%        N/A       1%          3
 Inner Flame              Hex/Fire       100%       N/A       1%          3
 Mephitic Cloud           Conj/Pois/Air  100%       N/A       1%          3
 Ozocubu's Armour         Ice            100%       N/A       1%          3
 Portal Projectile        Hex/Tloc       100%       N/A       1%          3
 Stone Arrow              Conj/Erth      100%       3d13      1%          3
 Summon Guardian Golem    Hex/Summ       68%        N/A       1%          3
 Swiftness                Air            100%       N/A       1%          3
 Teleport Other           Tloc           71%        N/A       1%          3
 Tukima's Dance           Hex            77%        N/A       1%          3
 Vhi's Electric Charge    Tloc/Air       100%       N/A       1%          3
 Volatile Blastmotes      Fire/Tloc      100%       2d18      1%          3
 Airstrike                Air            70%        2d(10-26) 1%          4
 Anguish                  Hex/Necr       34%        N/A       1%          4
 Animate Armour           Summ/Erth      100%       N/A       1%          4
 Cause Fear               Hex            38%        N/A       1%          4
 Flame Wave               Conj/Fire      100%       2d21      1%          4
 Fulminant Prism          Conj/Hex       75%        3d32      1%          4
 Leda's Liquefaction      Hex/Erth       45%        N/A       1%          4
 Manifold Assault         Tloc           71%        N/A       1%          4
 Passage of Golubria      Tloc           71%        N/A       1%          4
 Petrify                  Tmut/Erth      83%        N/A       1%          4
 Sticky Flame             Conj/Fire      100%       2d11      1%          4
 Summon Ice Beast         Ice/Summ       98%        N/A       1%          4
 Summon Lightning Spire   Summ/Air       100%       N/A       1%          4
 Arcjolt                  Conj/Air       87%        1d97      1%          5
 Borgnjor's Vile Clutch   Necr/Erth      41%        N/A       1%          5
 Irradiate                Conj/Tmut      73%        3d36      1%          5
 Iskenderun's Battlesphe  Conj           100%       2d15      1%          5
 Lee's Rapid Deconstruct  Erth           51%        3d24*     1%          5
 Conjure Ball Lightning   Conj/Air       87%        3x3d33    1%          6
 Leda's Unmaking          Conj/Erth      79%        9d13      1%          6
 Plasma Beam              Fire/Air       69%        2x1d86    1%          6
 Spellforged Servitor     Conj/Summ      73%        N/A       1%          7
 Maxwell's Capacitive Co  Air            70%        ∞         1%          8
 Animate Dead             Necr           58%        N/A       2%          4
 Dispel Undead            Necr           58%        3d21      2%          4
 Olgreb's Toxic Radiance  Pois           58%        N/A       2%          4
 Simulacrum               Ice/Necr       49%        N/A       2%          6
 Summon Mana Viper        Hex/Summ       68%        N/A       3%          5
 Yara's Violent Unravell  Hex/Tmut       34%        3d14      3%          5
 Summon Forest            Summ/Tloc      32%        N/A       4%          5
 Agony                    Necr           58%        N/A       5%          5
 Dispersal                Tloc           35%        N/A       11%         6
 Death Channel            Necr           29%        N/A       21%         6
 Eringya's Noxious Bog    Tmut/Pois      29%        4d6       21%         6
 Summon Cactus Giant      Summ           29%        N/A       21%         6
 Enfeeble                 Hex            38%        N/A       28%         7
 Polar Vortex             Ice            61%        12d8*     34%         9
 Malign Gateway           Summ/Tloc      32%        N/A       50%         7
 Haunt                    Necr/Summ      29%        N/A       61%         7
 Monstrous Menagerie      Summ           29%        N/A       61%         7
 Summon Hydra             Summ           29%        N/A       61%         7
 Discord                  Hex            38%        N/A       85%         8
 Disjunction              Tloc           35%        N/A       92%         8
 Shatter                  Erth           51%        3d39*     96%         9
 Infestation              Necr           29%        N/A       99%         8
 Summon Horrible Things   Summ           29%        N/A       99%         8
 Dragon's Call            Summ           29%        N/A       100%        9


Dungeon Overview and Level Annotations

Branches:
Dungeon (15/15)            Temple (1/1) D:6            Lair (5/5) D:9
 Shoals (4/4) Lair:3       Spider (4/4) Lair:3        Slime (5/5) Lair:5
    Orc (2/2) D:12            Elf (3/3) Orc:2        Vaults (5/5) D:14
  Crypt (3/3) Vaults:3       Tomb (3/3) Crypt:3      Depths (4/4) D:15
   Hell (visited)             Dis (7/7) Hell            Geh (7/7) Hell
    Coc (7/7) Hell            Tar (7/7) Hell            Zot (5/5) Depths:4
 WizLab (visited)         Gauntlet (visited)

Shops:
D:3 *   D:11 *   D:15 [   Orc:1 [   Orc:2 ?:(=   Shoals:1 *   Shoals:2 !
Shoals:3 ?   Shoals:4 *   Vaults:4 [:   Depths:3 !(?*

Portals:
Hell: Depths:1 Depths:2 Depths:3 Depths:4
Abyss: Zot:5 Depths:3
Pandemonium: Depths:2

Annotations:
Lair:2 1 runed translucent door
Lair:3 Yjeari's ghost, journeyman GrMo
Elf:1 2 runed translucent doors, Pileg's ghost, adept FoFi


Innate Abilities, Weirdness & Mutations

You are an undying horror.
Your melee and unarmed attacks drain, slow and weaken victims.
You are immune to unholy pain and torment.
You cannot drink.
You are immune to poison.
You have an increased reservoir of magic. (+10% MP)
You shall have no god before yourself.
Your divine heritage dramatically boosts your attributes as you level up.
You have sharp toenails.
You are robust. (+10% HP)
You are weak. (Str -2)


Message History

The great blast of fire engulfs Gifea!!!!
Gifea is heavily wounded.
The great blast of fire engulfs the lich!!!
The lich is almost destroyed.
Something hits your fire vortex!!
Your fire vortex is engulfed in flames.
Your fire vortex completely resists.
The lich is engulfed in blazing flames.
You destroy the lich!
Gifea is engulfed in blazing flames.
Gifea gestures.
The orb of destruction hits your fire vortex!!!!
Your fire vortex dissipates!
Casting: Fire Storm (mildly dangerous; 2% risk of failure)
Confirm with . or Enter, or press ? or * to list all spells.
Aiming: Fire Storm (mildly dangerous; 2% risk of failure)
Press: ? - help, Dir - move target, f - floating eye
Aim: a floating eye (flame, summoned)
You feel a surge of power!
A raging storm of fire appears!
The great blast of fire engulfs the floating eye!!!!
You kill the floating eye!
The floating eye disappears in a puff of smoke!
The great blast of fire engulfs Gifea!!!!
You kill Gifea!
Magical energy flows into your mind! Something hits your fire vortex.
Your fire vortex is engulfed in flames.
Your fire vortex completely resists.
You see here a +0 dagger.
An Orb Guardian comes into view.
The Orb Guardian moves out of view.
There is a stone staircase leading up here.
You fly upwards.
There is a stone staircase leading down here.
Aiming: Dig
Press: ? - help, Shift-Dir - straight line A rock wall.
This square is covered in magical glow.
The rock shatters into small pieces.
There is a staircase leading out of the dungeon here.
Okay, then.
You have escaped!

####.(.####
#..####.##
#.........#
#..# #.#
#.........#
##.# #.#
#.........#
##.####.##
####...####
#.........
#...#
#..#...†..
####...####
####......
#.........#
#......
#.♣..z..♣)#
#######
#.........#
###########


There were no monsters in sight!

Vanquished Creatures
  Cerebov (Pan)
  Antaeus (Coc:7)
  Asmodeus (Geh:7)
  the Royal Jelly (Slime:5)
  6 pandemonium lords
  Ereshkigal (Tar:7)
  Gloorx Vloq (Pan)
  Mnoleg (Pan)
  the Serpent of Hell (Geh:7)
  Lom Lobon (Pan)
  A seraph (Depths:2)
  5 dread liches
  Dispater (Dis:7)
  8 ancient liches
  Mennas (Vaults:2)
  5 orbs of fire (Zot:5)
  27 royal mummies
  Josephina (Depths:4)
  Sojobo (Crypt:2)
  9 shard shrikes
  Bai Suzhen (Depths:2)
  Margery (Vaults:2)
  6 Killer Klowns (Zot:5)
  2 curse toes
  Saint Roka (Elf:2)
  Geryon (Hell)
  42 caustic shrikes
  10 golden dragons
  Nikola (Vaults:2)
  6 profane servitors
  17 bone dragons
  9 Tzitzimimeh
  13 iron giants
  Arachne (Spider:2)
  Zenata (Elf:1)
  3 electric golems (Zot:5)
  17 doom hounds
  14 Brimstone Fiends
  12 hellephants
  Rupert (D:12)
  17 tainted leviathans
  A shard shrike skeleton (Crypt:2)
  21 Ice Fiends
  A spectral shard shrike (Tar:6)
  Jorgrun (D:12)
  27 Hell Sentinels
  Mlioglotl (Spider:4)
  21 tentacled monstrosities
  16 liches
  30 Orb Guardians
  19 titans
  Asterion (Spider:4)
  4 deep elf master archers
  Grunn (Depths:2)
  23 acid blobs
  24 ancient champions
  6 quicksilver dragons
  4 deep elf blademasters
  21 searing wretches
  19 Executioners
  A thorn hunter (Zig:12)
  Polyphemus (Shoals:3)
  10 tentacled starspawn
  7 death cobs
  14 sphinxes
  14 rockslimes
  Kirke (Shoals:3)
  7 storm dragons
  Aizul (Depths:1)
  13 shadow dragons
  An azure jelly (shapeshifter) (Vaults:5)
  6 draconian monks
  Donald (Spider:1)
  14 azure jellies
  5 revenants
  14 tengu reavers
  11 deep elf sorcerers
  6 draconian knights
  19 fire giants
  6 demonspawn warmongers
  A fire giant (shapeshifter) (Vaults:5)
  11 draconian scorchers
  15 vault wardens
  14 narguns
  8 emperor scorpions
  Louise (Elf:2)
  10 iron dragons
  43 balrugs
  8 frost giants
  13 quicksilver elementals
  A spectral caustic shrike (Tar:3)
  6 deep elf elementalists (Elf:3)
  7 shard shrike simulacra
  6 ghost moths
  12 draconian annihilators
  6 curse skulls
  4 orc warlords
  A broodmother (Spider:3)
  A spriggan defender (Depths:4)
  12 draconian shifters
  8 draconian stormcallers
  10 cacodemons
  11 reapers
  30 war gargoyles
  4 demonspawn corrupters
  13 quicksilver oozes
  3 demonspawn blood saints (Pan)
  11 vampire knights
  2 ghouls (Crypt:1)
  3 caustic shrike skeletons
  18 ironbound preservers
  An eleionoma (Zig:12)
  28 very ugly things
  5 formless jellyfish
  7 deep elf annihilators
  27 elemental wellsprings
  17 green draconians
  10 stone giants
  3 demonspawn black suns (Pan)
  3 starflowers (Abyss:3)
  14 bennus
  11 putrid mouths
  7 ironbound thunderhulks
  10 white draconians
  Azrael (Elf:1)
  15 black draconians
  A minotaur (Gauntlet)
  16 purple draconians
  25 wendigos
  9 deep elf demonologists
  17 yellow draconians
  4 lorocyprocas
  17 dire elephants
  19 red draconians
  3 bunyips (Zig:12)
  6 deep elf death magi
  10 blizzard demons
  Snorg (D:14)
  16 eidola
  9 green deaths
  25 mummy priests
  10 ettins
  An orange crystal statue (WizLab)
  6 fire dragons
  6 merfolk javelineers
  A quicksilver dragon zombie (Crypt:1)
  A crystal guardian (Vaults:3)
  3 spectral quicksilver dragons
  9 iron golems
  13 jiangshi
  15 yaktaur captains
  A kraken zombie (Hell)
  10 merfolk impalers
  6 ice dragons
  12 deep elf high priests
  8 spectral spriggans
  8 entropy weavers
  13 hydras
  9 great orbs of eyes
  5 hell beasts
  4 juggernaut simulacra
  2 shambling mangroves (Zig:7)
  11 rakshasas
  31 vault guards
  16 salamander tyrants
  2 ghost crabs
  2 peacekeepers (Vaults:3)
  Erolcha (Orc:2)
  An ogre mage (D:15)
  8 two-headed ogres
  10 boulder beetles
  11 ironbound frosthearts
  5 merfolk avatars
  A spectral shadow dragon (Tar:1)
  7 spriggan air magi
  4 radroaches
  4 spriggan skeletons
  A fenstrider witch skeleton (Crypt:3)
  4 death knights
  2 spectral stone giants (Tar:1)
  9 centaur warriors
  4 merfolk aquamancers
  11 caustic shrike simulacra
  3 satyrs
  19 dancing weapons
  2 alligators (Zig:12)
  A jorogumo (Spider:4)
  4 catoblepae
  5 deep troll shamans
  11 tengu warriors
  7 stokers
  32 death scarabs
  A titan zombie (Crypt:3)
  17 demonic crawlers
  6 spriggan berserkers
  8 deep troll earth magi
  13 vampire magi
  43 hell hogs
  4 thrashing horrors
  11 death yaks
  18 hell knights
  8 spectral nagas
  Nergalle (D:10)
  12 crystal echidnas
  19 deep elf knights
  2 skysharks
  5 wretched stars
  3 spectral dire elephants
  3 titan skeletons
  4 sun moths
  3 spatial maelstroms
  19 soul eaters
  48 sun demons
  A goliath frog (Zig:12)
  16 sixfirhies
  34 skeletal warriors
  2 spectral bunyips (Tar:1)
  7 pharaoh ants
  A storm dragon zombie (Hell)
  A sea snake (shapeshifter) (Vaults:2)
  14 sea snakes
  29 shadow wraiths
  62 deep trolls
  20 iron trolls
  2 spectral anacondas
  A death drake (shapeshifter) (D:14)
  An anaconda zombie (Hell)
  2 cherubim (Depths:2)
  5 quicksilver dragon simulacra
  10 shadow demons
  11 flayed ghosts
  5 swamp dragons
  A golden dragon zombie (Depths:1)
  A kraken simulacrum (Shoals:4)
  11 lindwurms
  5 deep elf archers
  10 glowing orange brains
  14 orb spiders
  23 phantasmal warriors
  5 spriggan simulacra
  19 ironbound convokers
  4 wolf spider zombies (Spider:4)
  30 wizards
  6 necromancers
  6 spectral wolf spiders (Spider:4)
  8 steelbarb worms
  23 deep elf zephyrmancers
  42 wolf spiders
  25 deep elf pyromancers
  A spectral ice dragon (Tar:1)
  43 ugly things
  8 orc knights
  10 orc sorcerers (Orc:2)
  40 harpies
  5 oklob plants (Abyss:3)
  A spectral ettin (Tar:7)
  18 manticores
  A stone giant zombie (Crypt:3)
  8 cyclopes
  2 will-o-the-wisps
  6 shining eyes
  A shining eye (shapeshifter) (Abyss:2)
  A worldbinder (Abyss:2)
  35 moths of wrath
  16 fauns
  4 rust devils (Hell)
  17 vault sentinels
  2 naga zombies
  14 merfolk sirens
  103 slime creatures
  21 elephants
  12 black mambas
  3 titan simulacra
  3 naga magi (Vaults:4)
  An iron dragon skeleton (Pan)
  2 torpor snails
  12 orange demons
  5 eyes of devastation
  7 water nymphs
  14 cane toads
  8 fire giant skeletons (Crypt:3)
  12 molten gargoyles (Geh:7)
  2 stone giant skeletons
  5 gargoyles
  2 unseen horrors
  20 large abominations
  3 ice statues
  23 smoke demons
  A white draconian zombie (Crypt:2)
  5 centaur skeletons
  A sea snake zombie (Hell)
  A storm dragon simulacrum (Coc:1)
  An orc skeleton (Tomb:2)
  40 hellions
  7 rime drakes
  15 komodo dragons
  2 kobold demonologists (D:14)
  An efreet (Pan)
  12 freezing wraiths
  28 yaktaurs
  4 golden dragon simulacra
  A bunyip simulacrum (Coc:2)
  2 red devils
  5 ancient zymes
  28 tormentors
  6 ice devils
  4 tengu conjurers
  An unseen horror skeleton (Crypt:2)
  37 merfolk
  58 guardian mummies
  6 meliai
  11 trolls
  2 spectral harpies
  6 anaconda simulacra
  A harpy zombie (Crypt:3)
  5 polar bears
  A bloated husk (Zig:12)
  3 wind drakes
  A hydra zombie (Hell)
  A tarantella (shapeshifter) (Vaults:5)
  A wolf spider simulacrum (Spider:4)
  A harpy skeleton (Tomb:3)
  A guardian serpent zombie (Crypt:2)
  21 hellwings
  5 raiju
  5 silent spectres
  10 hornets
  40 tarantellas
  2 alligator zombies (Hell)
  8 dream sheep
  An ettin zombie (Crypt:3)
  10 snapping turtles
  A spectral dream sheep (Gauntlet)
  13 blink frogs
  3 stone giant simulacra (Coc:2)
  3 iron dragon simulacra (Coc:6)
  An alligator skeleton (Hell)
  10 flying skulls
  22 culicivoras
  23 jumping spiders
  A satyr skeleton (Crypt:2)
  A black mamba zombie (Tomb:1)
  15 water elementals
  3 centaur simulacra
  An ettin skeleton (Hell)
  7 shadows
  4 vampires (Crypt:3)
  6 spriggans
  8 fire dragon skeletons (Crypt:3)
  5 wyverns
  2 naga simulacra
  14 ynoxinuls
  An ice dragon skeleton (Crypt:2)
  14 ushabtiu
  4 dire elephant simulacra
  16 wraiths
  3 fire bats (Pan)
  A basilisk (shapeshifter) (Depths:3)
  14 golden eyes
  A human (Lair:2)
  37 yaks
  6 basilisks
  A sea snake simulacrum (Hell)
  3 steam dragons
  9 fire elementals
  19 starcursed masses
  3 hogs (Shoals:3)
  4 chaos spawn (Pan)
  18 neqoxecs
  60 redbacks
  12 harpy simulacra
  8 vampire mosquitoes
  A water nymph zombie (Crypt:2)
  5 wargs
  A spatial vortex (Abyss:3)
  A glowing shapeshifter zombie (Depths:1)
  A swamp worm (shapeshifter) (Vaults:5)
  10 hell hounds
  18 water moccasins
  4 hydra simulacra
  Duvessa (D:6)
  An acid dragon (Lair:5)
  3 swamp drakes (Lair:5)
  2 naga skeletons (Tomb:1)
  2 floating eyes
  5 ice beasts
  2 black bears
  An elephant zombie (Crypt:1)
  A snapping turtle zombie (Crypt:2)
  20 orc warriors
  A sky beast (D:7)
  7 ettin simulacra
  14 ogres
  8 boggarts
  A boggart (shapeshifter) (Vaults:5)
  5 centaurs
  A swamp dragon skeleton (Crypt:1)
  15 wolves
  5 small abominations
  3 elf zombies (Elf:1)
  2 kobold brigands
  3 necrophages (Crypt:1)
  2 gnoll sergeants (D:8)
  3 earth elementals
  26 bullfrogs
  4 scorpions
  A glowing shapeshifter simulacrum (Zig:6)
  5 wights (D:7)
  Dowan (D:6)
  2 spriggan zombies
  A polar bear zombie (Crypt:2)
  13 killer bees
  7 electric eels
  8 howler monkeys
  A quasit (Abyss:1)
  5 human zombies (Crypt:1)
  An iron imp (Abyss:3)
  13 orc priests
  2 hounds
  5 jellies
  2 iguanas
  40 orc wizards
  A hell rat (Hell)
  A killer bee zombie (Crypt:1)
  An acid dragon zombie (Crypt:1)
  48 mummies
  14 gnolls (D:8)
  9 adders
  3 shadow imps
  2 white imps
  5 ufetubi
  An adder skeleton (Crypt:1)
  A worm (D:5)
  A dart slug (D:2)
  79 orcs
  4 bats
  6 endoplasms
  4 giant cockroaches
  A goblin (shapeshifter) (Vaults:5)
  8 goblins
  6 hobgoblins
  6 jackals
  2 quokkas
  3 ball pythons
  3 frilled lizards (D:2)
  13 kobolds
  An orc zombie (Crypt:1)
  9 rats
  2 ball lightnings (Pan)
  9 creeping infernos
  30 fire vortices
  A lurking horror (Zot:5)
  6 starspawn tentacles
4186 creatures vanquished.

Vanquished Creatures (collateral kills)
  An Ice Fiend (Coc:7)
  A tentacled monstrosity (Zot:3)
  A cacodemon (Pan)
  A purple draconian (Zot:2)
  A green death (Pan)
  A kraken zombie (Hell)
  An ice dragon (Hell)
  A death scarab (Tomb:2)
  A spectral harpy (Tar:7)
  A guardian mummy (Tomb:3)
  A small abomination (Abyss:3)
  5 mummies
16 creatures vanquished.

Vanquished Creatures (others)
  A shard shrike simulacrum (Coc:5)
  A lorocyproca (Hell)
  A fire dragon (Depths:4)
  A rakshasa (Pan)
  A hell hog (Hell)
  A wizard (Pan)
  A hellion (Pan)
  A merfolk (Shoals:4)
  A ynoxinul (Pan)
  A fire bat (Pan)
  A harpy simulacrum (Coc:5)
  A jelly (D:6)
  A ball lightning (Pan)
  A creeping inferno (Geh:7)
  509 fire vortices
  2 foxfires (Abyss:3)
  142 fulminant prisms
  5 starspawn tentacles
  8 tentacles (Hell)
680 creatures vanquished.

Grand Total: 4882 creatures vanquished

Notes
Turn   | Place    | Note
-------+----------+-------------------------------------------
     0 | D:1      | PurpleRed the Demigod Conjurer began the quest for the Orb.
     0 | D:1      | Reached XP level 1. HP: 14/14 MP: 5/5
   211 | D:1      | Reached XP level 2. HP: 22/22 MP: 0/7
   308 | D:1      | Learned a level 2 spell: Searing Ray
   691 | D:2      | Reached skill level 4 in Conjurations
   744 | D:2      | Reached skill level 1 in Fighting
   969 | D:2      | Reached XP level 3. HP: 28/28 MP: 6/8
  1625 | D:3      | Found Hydghion's Assorted Antiques.
  1629 | D:3      | Bought a scroll labelled IPPOUNUDAC for 22 gold pieces
  1629 | D:3      | Bought a scroll labelled LINUG ZAHOO for 22 gold pieces
  1651 | D:3      | Identified the amulet "Poja" {Acrobat +Blink rC++ Slay+2
                  | SInv}
  1674 | D:3      | Noticed a cacodemon
  2302 | D:4      | Reached XP level 4. HP: 31/35 MP: 5/10
  2371 | D:4      | Learned a level 4 spell: Iskenderun's Mystic Blast
  2417 | D:4      | Noticed a black bear
  2513 | D:4      | Killed a black bear
  2514 | D:4      | Reached skill level 5 in Conjurations
  2514 | D:4      | Reached skill level 1 in Translocations
  2514 | D:4      | Reached XP level 5. HP: 26/41 MP: 1/12
  3413 | D:4      | Reached XP level 6. HP: 50/50 MP: 9/13
  3567 | D:5      | Entered Level 5 of the Dungeon
  3602 | D:5      | Learned a level 4 spell: Fulminant Prism
  3833 | D:5      | Reached skill level 6 in Conjurations
  3833 | D:5      | Reached skill level 1 in Hexes
  3833 | D:5      | Reached XP level 7. HP: 56/56 MP: 4/15
  3991 | D:5      | You fall into a shaft and drop 1 floor!
  4881 | D:6      | Noticed Duvessa
  4918 | D:6      | Noticed Dowan
  4929 | D:6      | Killed Duvessa
  4930 | D:6      | Killed Dowan
  5075 | D:6      | Reached skill level 7 in Conjurations
  5075 | D:6      | Reached XP level 8. HP: 21/66 MP: 2/17
  5352 | D:6      | Found a staircase to the Ecumenical Temple.
  5359 | Temple   | Entered the Ecumenical Temple
  5507 | D:6      | Identified the +0 helmet "Mohool" {rElec rPois Stlth+}
  6068 | D:7      | Reached skill level 8 in Conjurations
  6280 | D:7      | Reached skill level 5 in Spellcasting
  6282 | D:7      | Reached skill level 5 in Fighting
  6470 | D:7      | Identified the +1 ring mail "Muih" {rN++}
  6586 | D:7      | Reached XP level 9. HP: 74/74 MP: 12/20
  7159 | D:8      | Reached skill level 9 in Conjurations
  7442 | D:8      | Learned a level 4 spell: Flame Wave
  8167 | D:9      | Noticed a rime drake
  8172 | D:9      | Reached skill level 1 in Fire Magic
  8175 | D:9      | Killed a rime drake
  8430 | D:9      | Reached XP level 10. HP: 66/83 MP: 2/23
  8453 | D:8      | Reached skill level 10 in Conjurations
  8618 | D:9      | Identified a scroll of acquirement
  8618 | D:9      | Acquired a Trismegistus Codex
  9077 | D:9      | Found a staircase to the Lair.
  9225 | D:10     | Entered Level 10 of the Dungeon
  9225 | D:10     | Noticed Nergalle
  9240 | D:10     | Killed Nergalle
  9480 | D:10     | Learned a level 6 spell: Starburst
 10527 | D:11     | Noticed a boulder beetle
 10534 | D:11     | Killed a boulder beetle
 10535 | D:11     | Reached skill level 11 in Conjurations
 10541 | D:11     | Noticed a cyclops
 10572 | D:11     | Killed a cyclops
 10573 | D:11     | Reached skill level 5 in Fire Magic
 10877 | D:11     | Noticed a two-headed ogre
 10890 | D:11     | Killed a two-headed ogre
 10891 | D:11     | Reached XP level 11. HP: 92/92 MP: 2/26
 10903 | D:11     | Found Kyimis's Assorted Antiques.
 11298 | D:11     | Bought a scroll of identify for 72 gold pieces
 11489 | D:3      | Bought a scroll of identify for 44 gold pieces
 11624 | Lair:1   | Entered Level 1 of the Lair of Beasts
 12431 | Lair:1   | Reached skill level 12 in Conjurations
 14205 | Lair:2   | Found a runed translucent door.
 14224 | Lair:2   | Noticed a phantasmal warrior
 14388 | Lair:2   | Reached XP level 12. HP: 100/100 MP: 15/30
 14569 | Lair:2   | Reached skill level 13 in Conjurations
 14642 | Lair:2   | Reached skill level 10 in Spellcasting
 15084 | Lair:2   | Noticed a catoblepas
 15085 | Lair:2   | Noticed a catoblepas
 15086 | Lair:2   | Noticed an eight-headed hydra
 15086 | Lair:2   | Noticed a boulder beetle
 15088 | Lair:2   | Killed an eight-headed hydra
 15088 | Lair:2   | Killed a catoblepas
 15088 | Lair:2   | Killed a catoblepas
 15408 | Lair:2   | Killed a boulder beetle
 15409 | Lair:2   | Reached skill level 14 in Conjurations
 15587 | Lair:2   | Noticed a six-headed hydra
 15589 | Lair:2   | Killed a six-headed hydra
 15619 | Lair:2   | Noticed a boulder beetle
 15626 | Lair:2   | Killed a boulder beetle
 16061 | Lair:3   | Noticed Yjeari's ghost (journeyman GrMo)
 16115 | Lair:3   | Found a runed translucent gate.
 16115 | Lair:3   | Found a runed translucent gate.
 16115 | Lair:3   | Found a runed translucent gate.
 16152 | Lair:3   | Found a hole to the Spider Nest.
 17035 | Lair:4   | Reached skill level 1 in Armour
 17035 | Lair:4   | Reached XP level 13. HP: 76/105 MP: 22/33
 17448 | Lair:4   | Identified the +0 rapier "Arodd" {distort, Fly}
 18047 | Lair:5   | Entered Level 5 of the Lair of Beasts
 18324 | Lair:5   | Found a gate leading to a gauntlet.
 18333 | Gauntlet | Entered a Gauntlet
 18333 | Gauntlet | Found a transporter.
 18333 | Gauntlet | Found a runed translucent door.
 18333 | Gauntlet | Found a transporter.
 18333 | Gauntlet | Found a transporter.
 18333 | Gauntlet | Found a runed translucent door.
 18431 | Gauntlet | Found a transporter.
 18432 | Gauntlet | Found a transporter.
 18435 | Gauntlet | Found a transporter.
 18448 | Gauntlet | Found a transporter.
 18448 | Gauntlet | Found a transporter.
 18450 | Gauntlet | Found a transporter.
 18458 | Gauntlet | Found a transporter.
 18459 | Gauntlet | Found a transporter.
 18459 | Gauntlet | Found the +9 staff of Olgreb {rPois∞}
 18489 | Gauntlet | Found a transporter.
 18886 | Gauntlet | Identified the ring "Calaogre" {Str+4 Dex+6}
 18971 | Gauntlet | Noticed a minotaur
 19010 | Gauntlet | Killed a minotaur
 19065 | Gauntlet | Got Alistair's Encyclopedia of Evolving Impurities
 19487 | Lair:5   | Found a staircase to the Slime Pits.
 20410 | Lair:5   | Reached skill level 5 in Dodging
 20417 | Lair:5   | Reached skill level 15 in Conjurations
 20555 | Lair:5   | Learned a level 5 spell: Freezing Cloud
 20562 | Lair:5   | Reached skill level 1 in Shapeshifting
 20829 | Lair:5   | Reached XP level 14. HP: 103/113 MP: 35/35
 20884 | Lair:5   | Reached skill level 1 in Ice Magic
 20884 | Lair:5   | Reached skill level 1 in Air Magic
 21520 | Lair:5   | Identified the +5 chain mail of Egalitarianism {rElec}
 21896 | D:12     | Noticed Jorgrun
 21903 | D:12     | Killed Jorgrun
 21904 | D:12     | Reached skill level 5 in Ice Magic
 21906 | D:12     | Noticed Rupert
 22361 | D:12     | Found a staircase to the Orcish Mines.
 23287 | D:13     | Reached skill level 5 in Shapeshifting
 24161 | D:14     | Noticed Snorg
 24174 | D:14     | Killed Snorg
 24748 | D:14     | Found a gate to the Vaults.
 25429 | D:15     | Entered Level 15 of the Dungeon
 25656 | D:15     | Reached XP level 15. HP: 118/118 MP: 32/36
 26067 | D:15     | Found a staircase to the Depths.
 26194 | D:15     | Found Nuruy's Armour Shoppe.
 26201 | D:15     | Bought the +3 hat of Pondering {ponderous, Will+ MP+10
                  | Int+5} for 609 gold pieces
 26201 | D:15     | Found the +3 hat of Pondering {ponderous, Will+ MP+10
                  | Int+5}
 26830 | Orc:1    | Entered Level 1 of the Orcish Mines
 27117 | Orc:2    | Entered Level 2 of the Orcish Mines
 27641 | Orc:2    | Reached skill level 10 in Shapeshifting
 27823 | Orc:2    | Found a staircase to the Elven Halls.
 27941 | Orc:2    | Noticed Erolcha
 27945 | Orc:2    | Killed Erolcha
 28049 | Orc:2    | Found Ypheacyad's Book Shop.
 28189 | Orc:2    | Found Kupram's Antique Weapon Boutique.
 28253 | Orc:2    | Found Hoaluuly's Jewellery Boutique.
 28297 | Orc:2    | Found Nakhozor's Magic Scroll Shop.
 28305 | Orc:2    | Bought a scroll of vulnerability for 52 gold pieces
 28305 | Orc:2    | Bought a scroll of acquirement for 676 gold pieces
 28305 | Orc:2    | Acquired the +0 cloak "Wemib" {Harm rPois rN++ Int+2}
 28506 | Orc:1    | Found Orellaima's Antique Armour Shoppe.
 29173 | Elf:1    | Entered Level 1 of the Elven Halls
 29606 | Elf:1    | Found a large runed translucent door.
 29606 | Elf:1    | Found a large runed translucent door.
 29610 | Elf:1    | You fall into a shaft and drop 1 floor!
 29610 | Elf:2    | Found a runed translucent gate.
 29610 | Elf:2    | Found a runed translucent gate.
 29610 | Elf:2    | Found a runed translucent gate.
 30121 | Elf:2    | Got Ts'ui Pên's Incunable of Forking Paths
 30134 | Elf:2    | Got Sif Muna's Compilation of Dhcmrlchtdj
 30192 | Elf:2    | Got the Grimoire of Axaxaxas mlö
 30809 | Elf:2    | Noticed Saint Roka
 30838 | Elf:2    | Killed Saint Roka
 30839 | Elf:2    | Reached XP level 16. HP: 33/126 MP: 21/37
 31314 | Elf:2    | Noticed a deep elf blademaster
 31317 | Elf:2    | Killed a deep elf blademaster
 31588 | Elf:2    | Noticed Louise
 31662 | Elf:2    | Killed Louise
 31968 | Elf:1    | Noticed Azrael
 31981 | Elf:1    | Killed Azrael
 32042 | Elf:1    | Noticed Pileg's ghost (adept FoFi)
 32681 | Elf:1    | Noticed Zenata
 32692 | Elf:1    | Killed Zenata
 32815 | Elf:1    | Got the Volume of the Catacomb
 33565 | Elf:3    | Entered Level 3 of the Elven Halls
 34562 | Elf:3    | Noticed a deep elf blademaster
 34600 | Elf:3    | Killed a deep elf blademaster
 34696 | Elf:3    | Noticed a deep elf blademaster
 34696 | Elf:3    | Noticed a deep elf master archer
 34700 | Elf:3    | Killed a deep elf blademaster
 34701 | Elf:3    | Killed a deep elf master archer
 34703 | Elf:3    | Identified the +8 long sword of Earthquakes {heavy, Will++}
 34703 | Elf:3    | Identified the +11 falchion of Greed {flame, Dex+3}
 34703 | Elf:3    | Identified the +0 chain mail of Daffodils {Int+6 Stlth+}
 34703 | Elf:3    | Noticed a deep elf master archer
 34872 | Elf:3    | Reached skill level 15 in Shapeshifting
 34900 | Elf:3    | Noticed an Executioner
 35075 | Elf:3    | Noticed an Ice Fiend
 35203 | Elf:3    | Identified the +6 quarterstaff "Sommiyl" {freeze, rF+
                  | rCorr}
 35203 | Elf:3    | Identified the +2 rapier of Balance {protect, *Rage MP+9
                  | Int-5 Dex+8}
 35203 | Elf:3    | Identified the +1 war axe "Eluenut" {flame, rF+++ rC-
                  | Dex+3}
 35550 | Elf:3    | Identified the +1 mace of Ruination {venom, Drain rC+
                  | Str+6}
 35550 | Elf:3    | Identified the amulet "Sysonin" {Reflect rElec Regen+ rCorr
                  | Int+3 SH+5}
 35561 | Elf:3    | Reached XP level 17. HP: 120/132 MP: 38/38
 35979 | Elf:3    | Identified the +1 cloak of the Desolation of Salt {rC+++
                  | Will- SInv Stlth+}
 35984 | Elf:3    | Got the Handbook of Scintillating Places
 36383 | D:12     | Killed Rupert
 36442 | Orc:2    | Bought the Unrestrained Analects for 598 gold pieces
 36451 | Orc:2    | Learned a level 8 spell: Ignition
 36643 | Spider:1 | Entered Level 1 of the Spider Nest
 36721 | Spider:1 | Reached skill level 1 in Long Blades
 36960 | Spider:1 | Learned a level 5 spell: Fireball
 37067 | Spider:1 | Reached skill level 10 in Fire Magic
 37375 | Spider:2 | Noticed Donald
 37386 | Spider:1 | Reached skill level 1 in Shields
 37600 | Spider:1 | Killed Donald
 38150 | Spider:2 | Noticed Arachne
 38158 | Spider:2 | Reached skill level 5 in Long Blades
 38168 | Spider:2 | Killed Arachne
 38170 | Spider:2 | Reached skill level 5 in Shields
 39359 | Spider:4 | Entered Level 4 of the Spider Nest
 39364 | Spider:4 | Noticed Mlioglotl
 39367 | Spider:4 | Killed Mlioglotl
 39368 | Spider:4 | Reached XP level 18. HP: 139/139 MP: 23/40
 39371 | Spider:4 | Noticed Asterion
 39534 | Spider:4 | Killed Asterion
 40824 | Spider:4 | Got a gossamer rune of Zot
 40834 | Spider:4 | Identified the scarf of the Nexus {rC+ rF+, rCorr Int+4}
 41078 | Shoals:1 | Entered Level 1 of the Shoals
 41549 | Shoals:1 | Found Uci Muta's Assorted Antiques.
 41574 | Shoals:1 | Bought a scroll of teleportation for 105 gold pieces
 41963 | Shoals:2 | Found Oxkiydynn's Distillery.
 41963 | Shoals:2 | You fall into a shaft and drop 1 floor!
 41972 | Shoals:3 | Found Wakkoso's Magic Scroll Shoppe.
 41984 | Shoals:3 | Bought a scroll of blinking for 97 gold pieces
 41984 | Shoals:3 | Bought a scroll of amnesia for 52 gold pieces
 42022 | Shoals:4 | Entered Level 4 of the Shoals
 42206 | Shoals:2 | Bought 2 potions of heal wounds for 140 gold pieces
 42206 | Shoals:2 | Bought a potion of curing for 42 gold pieces
 42206 | Shoals:2 | Bought a potion of mutation for 112 gold pieces
 42206 | Shoals:2 | Bought a potion of mutation for 112 gold pieces
 42208 | Shoals:2 | Bought a potion of enlightenment for 70 gold pieces
 42210 | Shoals:2 | Bought a potion of might for 56 gold pieces
 42210 | Shoals:2 | Bought a potion of might for 56 gold pieces
 42448 | Shoals:2 | Reached skill level 15 in Fire Magic
 42509 | Shoals:2 | Reached skill level 10 in Shields
 42803 | Shoals:3 | Noticed Kirke
 42805 | Shoals:3 | Killed Kirke
 42806 | Shoals:3 | Reached XP level 19. HP: 145/145 MP: 41/41
 42970 | Shoals:3 | Noticed Polyphemus
 42974 | Shoals:3 | Killed Polyphemus
 43241 | Shoals:3 | Identified the +4 chain mail of the Guilds {rF+ rN+}
 43905 | Shoals:4 | Got a barnacled rune of Zot
 44085 | Shoals:4 | Found Ympengei's Overcharged Wands.
 44226 | Shoals:4 | Identified the +3 short sword "Utaso" {spect, rN+ rCorr
                  | Int-4}
 44464 | Shoals:4 | Identified the +6 bardiche "Sosh" {holy, rC+}
 44479 | Shoals:4 | Found the +2 pair of slick slippers {slick, slippery, EV+4}
 44983 | Vaults:1 | Entered Level 1 of the Vaults
 46769 | Vaults:2 | Noticed Mennas
 47069 | Vaults:2 | Reached XP level 20. HP: 152/152 MP: 29/43
 47293 | Vaults:2 | You fall into a shaft and drop 1 floor!
 47630 | Vaults:2 | Noticed Margery
 47641 | Vaults:2 | Killed Margery
 48113 | Vaults:2 | Killed Mennas
 48114 | Vaults:2 | Reached skill level 10 in Fighting
 48572 | Vaults:2 | Noticed Nikola
 48576 | Vaults:2 | Killed Nikola
 48855 | Vaults:3 | Reached skill level 5 in Armour
 48909 | Vaults:3 | Learned a level 7 spell: Orb of Destruction
 49637 | Vaults:3 | Found a staircase to the Crypt.
 50800 | Vaults:4 | Identified the +11 hand axe "Jatiej Vuadd" {flame, Will+
                  | Int+3 Dex+3}
 50891 | Vaults:4 | Found the +1 robe of Vines {NoPotionHeal Regen++++}
 50958 | Vaults:4 | Identified the +1 robe "Ireett" {Int+5 Dex+3 Stlth-}
 50966 | Vaults:4 | Identified the +3 hat "Yqar Cau" {Harm}
 51127 | Vaults:4 | Found Mamasu's Book Emporium.
 51423 | Vaults:4 | Reached XP level 21. HP: 173/173 MP: 44/44
 51779 | Vaults:4 | Found Touhull's Armour Shop.
 51921 | Vaults:5 | Entered Level 5 of the Vaults
 51927 | Vaults:5 | Reached skill level 10 in Dodging
 52379 | Vaults:5 | Identified the +0 pair of boots of the Bagpipe {+Blink rN+
                  | Str-2}
 52404 | Vaults:5 | Got a silver rune of Zot
 52406 | Vaults:5 | Identified the +5 spear of Exhibitionism {heavy, rElec rF+
                  | Will++ Stlth+}
 52457 | Vaults:5 | Got the Octavo of the Lethal Lithosphere
 52472 | Vaults:5 | Noticed a golden dragon
 52478 | Vaults:5 | Killed a golden dragon
 52510 | Vaults:5 | Reached skill level 10 in Long Blades
 52708 | Vaults:5 | Noticed a golden dragon
 52715 | Vaults:5 | Killed a golden dragon
 52805 | Vaults:5 | Identified the ring "Yloijohi" {*Slow Fly rF++ Int+2}
 53011 | Vaults:5 | Noticed an ancient lich
 53017 | Vaults:5 | Killed an ancient lich
 53119 | Vaults:5 | Noticed an ancient lich
 53124 | Vaults:5 | Killed an ancient lich
 53905 | Vaults:5 | Identified the amulet "Ihyraf" {+Inv Will+ Regen+}
 54065 | Vaults:5 | Identified the +0 spear "Guag" {heavy, Will+ Int+3}
 54124 | Vaults:5 | Identified the ring of Arrival {rF+ Int+4 Dex+6}
 54456 | Crypt:1  | Entered Level 1 of the Crypt
 54498 | Crypt:1  | Reached XP level 22. HP: 184/184 MP: 41/46
 54707 | Crypt:1  | Found a magical portal.
 54731 | WizLab   | Entered Wucad Mu's Monastery
 54852 | WizLab   | Found the crystal ball of Wucad Mu {*channel}
 54919 | WizLab   | Reached XP level 23. HP: 192/192 MP: 48/48
 55161 | Crypt:1  | Reached skill level 16 in Conjurations
 55739 | Crypt:2  | Reached skill level 15 in Spellcasting
 55758 | Crypt:2  | Noticed Sojobo
 55764 | Crypt:2  | Killed Sojobo
 56685 | Crypt:3  | Entered Level 3 of the Crypt
 57365 | Crypt:3  | Found a staircase to the Tomb.
 57469 | Crypt:3  | Got the Secrets of the Evil Eye
 57607 | Crypt:3  | Got Sif Muna's Folio of Frostbite and the Zephyr
 57781 | Crypt:3  | Found the +3 salamander hide armour {Flames, rFlCloud rF++
                  | rC--}
 57789 | Crypt:3  | Identified the staff of Governance {Fragile rF- rC+ rCorr
                  | Str+8 Ice}
 57802 | Crypt:3  | Noticed a dread lich
 57804 | Crypt:3  | Killed a dread lich
 57995 | Crypt:3  | Got the Quarto of Deathly Imprecation
 57998 | Crypt:3  | Identified the ring "Ihiabb" {Fire rN+ Str+5 SInv}
 58101 | Crypt:3  | Found the +7 great mace "Undeadhunter" {deathbane, rN+}
 58628 | Depths:1 | Entered Level 1 of the Depths
 58684 | Depths:1 | Noticed Aizul
 58686 | Depths:1 | Killed Aizul
 58739 | Depths:1 | Reached skill level 17 in Conjurations
 59280 | Depths:1 | Found a gateway to Hell.
 59431 | Depths:2 | Noticed Grunn
 59436 | Depths:2 | Killed Grunn
 59606 | Depths:2 | Reached XP level 24. HP: 126/203 MP: 23/49
 59708 | Depths:2 | Noticed Bai Suzhen
 59715 | Depths:2 | Killed Bai Suzhen
 59879 | Depths:2 | Found a one-way gate leading to the halls of Pandemonium.
 60112 | Depths:2 | You fall into a shaft and drop 2 floors!
 60112 | Depths:4 | Entered Level 4 of the Depths
 60164 | Depths:4 | Reached skill level 18 in Conjurations
 60175 | Depths:4 | Found a one-way gateway to a ziggurat.
 60215 | Depths:3 | Found Xegai's Distillery.
 60232 | Depths:3 | Bought a potion of brilliance for 60 gold pieces
 60232 | Depths:3 | Bought a potion of mutation for 120 gold pieces
 60232 | Depths:3 | Bought a potion of mutation for 120 gold pieces
 60232 | Depths:3 | Bought a potion of mutation for 120 gold pieces
 60232 | Depths:3 | Bought a potion of mutation for 120 gold pieces
 60232 | Depths:3 | Bought a potion of might for 60 gold pieces
 60232 | Depths:3 | Bought a potion of might for 60 gold pieces
 60232 | Depths:3 | Bought a potion of curing for 45 gold pieces
 60305 | Depths:3 | Found a one-way gate to the infinite horrors of the Abyss.
 60374 | Depths:3 | Found Ycemp's Antique Weapon Shop.
 60625 | Depths:3 | Found Muum's Assorted Antiques.
 60633 | Depths:3 | Bought a scroll of amnesia for 124 gold pieces
 60646 | Depths:3 | Found Zuredd's Magic Scroll Shoppe.
 60651 | Depths:3 | Bought a scroll of blinking for 172 gold pieces
 60651 | Depths:3 | Bought a scroll of blinking for 172 gold pieces
 60651 | Depths:3 | Bought a scroll of blinking for 172 gold pieces
 60651 | Depths:3 | Bought a scroll of revelation for 172 gold pieces
 60651 | Depths:3 | Bought a scroll of revelation for 172 gold pieces
 60651 | Depths:3 | Bought a scroll of teleportation for 69 gold pieces
 60651 | Depths:3 | Bought a scroll of teleportation for 69 gold pieces
 61557 | Depths:2 | Reached skill level 19 in Conjurations
 62371 | Depths:4 | Identified the ring "Dimoh" {Ice Int+2}
 62371 | Depths:4 | Noticed Josephina
 62374 | Depths:4 | Killed Josephina
 62648 | Depths:4 | Found a gate to the Realm of Zot.
 63528 | Slime:1  | Entered Level 1 of the Pits of Slime
 63546 | Slime:2  | Reached skill level 20 in Conjurations
 63954 | Slime:5  | Entered Level 5 of the Pits of Slime
 64147 | Slime:5  | Noticed the Royal Jelly
 64153 | Slime:5  | Killed the Royal Jelly
 64154 | Slime:5  | Reached XP level 25. HP: 210/210 MP: 41/51
 64386 | Slime:5  | Identified the +0 scale mail of Unambiguity {rElec rN+++
                  | Str-3 Int-4}
 64411 | Slime:5  | Identified the amulet "Xicluet" {Reflect -Tele Str+3 Slay+2
                  | SH+5}
 64431 | Slime:5  | Identified the +1 robe of Rakiomo {rC+}
 64436 | Slime:5  | Got a slimy rune of Zot
 64459 | Slime:5  | Identified the staff "Zaaleuz" {rElec Str+2 Earth}
 64776 | Slime:5  | Reached skill level 15 in Dodging
 65368 | Lair:5   | Learned a level 7 spell: Ozocubu's Refrigeration
 65755 | Zig:1    | Entered Level 1 of a ziggurat
 65773 | Zig:2    | Entered Level 2 of a ziggurat
 65789 | Zig:3    | Entered Level 3 of a ziggurat
 65823 | Zig:4    | Entered Level 4 of a ziggurat
 65825 | Zig:4    | Found the necklace of Bloodlust {Fury *Rage Will++ Int-3
                  | Slay+6}
 65848 | Zig:5    | Entered Level 5 of a ziggurat
 65869 | Zig:5    | Identified the staff "Enocw" {rPois Tmut Ice Poison}
 65873 | Zig:5    | Got the Elucidation of Baneful Angles
 65874 | Zig:5    | Reached XP level 26. HP: 217/217 MP: 51/51
 65878 | Zig:6    | Entered Level 6 of a ziggurat
 65893 | Zig:6    | Got Wympouleab's Teachings on Twisted Anthracomancy
 65920 | Zig:7    | Entered Level 7 of a ziggurat
 65960 | Zig:7    | Got the Catalogue of the Caves
 65965 | Zig:8    | Entered Level 8 of a ziggurat
 65987 | Zig:8    | Identified the ring of the Queen {rPois Will+ rCorr Int+4}
 65989 | Zig:8    | Identified the ring "Golynett" {rPois rCorr Str+2 SInv}
 65997 | Zig:8    | Identified the ring of Relativism {Wiz rElec Will+}
 66005 | Zig:8    | Identified the amulet "Sadeun" {RegenMP rN+ Int+6}
 66039 | Zig:9    | Entered Level 9 of a ziggurat
 66079 | Zig:9    | Identified an amulet of Youthful Indiscretion {Spirit
                  | +Blink Dex+4}
 66139 | Zig:10   | Entered Level 10 of a ziggurat
 66148 | Zig:10   | Noticed a dread lich
 66150 | Zig:10   | Reached skill level 10 in Ice Magic
 66152 | Zig:10   | Killed a dread lich
 66167 | Zig:10   | Identified the staff "Cesm" {*Slow rElec rF+ Dex+2 Conj}
 66182 | Zig:11   | Entered Level 11 of a ziggurat
 66338 | Zig:11   | Identified the +2 long sword of the Growing Gods {flame,
                  | rN+ Dex+2 SInv}
 66341 | Zig:11   | Identified the +3 short sword of Callousness {vamp, Fly
                  | Will+ SInv}
 66347 | Zig:11   | Got Ilimesuximm's Quarto of the Nasty Mausoleum
 66368 | Zig:11   | Learned a level 8 spell: Lehudib's Crystal Spear
 66370 | Zig:12   | Entered Level 12 of a ziggurat
 66381 | Zig:12   | Reached skill level 1 in Earth Magic
 66400 | Zig:12   | Identified the +5 morningstar "Sonoq" {heavy, rN+ Str+3
                  | Dex+3}
 66405 | Zig:12   | Got Sif Muna's Compilation of Vitriolic Earth
 66410 | Zig:12   | Identified the +3 great mace of a volcano {heavy, rElec
                  | rN++ Stlth-}
 66413 | Zig:12   | Identified the staff of Inquiry {rF+ Dex+2 Fire}
 66420 | Zig:12   | Acquired 1065 gold pieces
 66449 | Zig:13   | Entered Level 13 of a ziggurat
 66481 | Zig:13   | Identified the +1 chain mail "Uwovia" {Harm *Corrode rN+
                  | Int+3}
 66482 | Zig:13   | Identified the -2 kite shield "Rumipis" {Dex+3}
 66484 | Zig:13   | Identified the +2 longbow of Contradiction {heavy, rF- rC+
                  | Int+5}
 66487 | Zig:13   | Identified the +2 scale mail of Monotheism {rPois Str+3
                  | Int+3}
 66492 | Zig:13   | Identified the +2 pair of boots "Damnable Contraption" {Fly
                  | Regen+ Str-3 Dex+5}
 66517 | Zig:13   | Got Bebotuwn's Elucidation of Chilled Companions
 66524 | Zig:14   | Entered Level 14 of a ziggurat
 66578 | Zig:14   | Identified the +9 scale mail of the Endless Expanse {-Cast
                  | rF+++ Will- Str+2}
 66582 | Zig:14   | Reached skill level 5 in Earth Magic
 66582 | Zig:14   | Reached XP level 27. HP: 175/224 MP: 17/51
 66587 | Zig:14   | Identified the amulet "Uceblov" {RegenMP Rampage rF+ rC++
                  | Regen+}
 66709 | Zig:15   | Entered Level 15 of a ziggurat
 66724 | Zig:15   | Found the +5 Force Lance {heavy, knockback}
 66725 | Zig:15   | Identified the ring "Yqicsin" {rPois Will- Dex-3 Slay+4
                  | SInv}
 66759 | Depths:4 | Learned a level 9 spell: Fire Storm
 66816 | Zot:1    | Entered Level 1 of the Realm of Zot
 68322 | Zot:2    | Identified the +2 quarterstaff of Qirigo {heavy, Drain Fly
                  | Dex+5 SInv}
 69413 | Zot:3    | You fall into a shaft and drop 1 floor!
 69754 | Zot:3    | Identified the +3 long sword of Ru's Favour {protect,
                  | Will++ rCorr Int-5 Stlth+}
 70536 | Zot:4    | Reached skill level 21 in Conjurations
 70863 | Zot:5    | Entered Level 5 of the Realm of Zot
 70866 | Zot:5    | Noticed an ancient lich
 70866 | Zot:5    | Noticed an orb of fire
 71188 | Zot:5    | Noticed an ancient lich
 71190 | Zot:5    | Killed an ancient lich
 71210 | Zot:5    | Gained mutation: You are weak. (Str -2) [an orb of fire]
 71213 | Zot:5    | Killed an orb of fire
 71238 | Zot:5    | Noticed an orb of fire
 71241 | Zot:5    | Killed an orb of fire
 71253 | Zot:5    | Noticed an ancient lich
 71255 | Zot:5    | Killed an ancient lich
 71465 | Zot:5    | Noticed an orb of fire
 71468 | Zot:5    | Killed an orb of fire
 71525 | Zot:5    | Noticed an orb of fire
 71528 | Zot:5    | Killed an orb of fire
 71543 | Zot:5    | Noticed a dread lich
 71546 | Zot:5    | Killed a dread lich
 71555 | Zot:5    | Reached skill level 22 in Conjurations
 71632 | Zot:5    | Killed an ancient lich
 71642 | Zot:5    | Noticed an orb of fire
 71646 | Zot:5    | Killed an orb of fire
 72179 | Zot:5    | Voluntarily entered the Abyss.
 72503 | Abyss:3  | Reached skill level 15 in Fighting
 72601 | Abyss:3  | Got an abyssal rune of Zot
 72612 | Zot:5    | Escaped the Abyss
 72810 | Hell     | Entered the Vestibule of Hell
 72812 | Hell     | Noticed Geryon
 72815 | Hell     | Killed Geryon
 72817 | Hell     | Reached skill level 23 in Conjurations
 73015 | Hell     | Found a gateway to the decaying netherworld of Tartarus.
 73238 | Hell     | Found a gateway to the freezing wastes of Cocytus.
 73427 | Hell     | Found a gateway to the Iron City of Dis.
 73539 | Hell     | Found a gateway to the ashen valley of Gehenna.
 73636 | Coc:1    | Entered Level 1 of Cocytus
 73933 | Coc:5    | Reached skill level 24 in Conjurations
 74223 | Coc:7    | Entered Level 7 of Cocytus
 74479 | Coc:7    | Reached skill level 25 in Conjurations
 74651 | Coc:7    | Noticed Antaeus
 74657 | Coc:7    | Killed Antaeus
 74797 | Coc:7    | Got an icy rune of Zot
 74822 | Coc:7    | Got the Precepts of Ethics
 75230 | Pan      | Entered Pandemonium
 75472 | Pan      | Noticed Wateott the pandemonium lord
 75474 | Pan      | Identified the +7 whip "Gaahihorr" {drain, rC+ Int+4 SInv}
 75477 | Pan      | Killed Wateott the pandemonium lord
 75610 | Pan      | Got a demonic rune of Zot
 75613 | Pan      | Got the Lectures on Arctic Assaults
 75617 | Pan      | Entered the realm of Mnoleg.
 75661 | Pan      | Noticed Mnoleg
 75665 | Pan      | Killed Mnoleg
 75683 | Pan      | Got a glowing rune of Zot
 75755 | Pan      | Found an exit through the horrors of the Abyss.
 75795 | Pan      | Entered the realm of Cerebov.
 76108 | Pan      | Found the +6 sword of Cerebov {flame}
 76108 | Pan      | Noticed Cerebov
 76118 | Pan      | Killed Cerebov
 76141 | Pan      | Got a fiery rune of Zot
 76172 | Pan      | Identified the ring "Deepakk" {Fly rPois Str+3 Slay+3}
 76175 | Pan      | Identified the +0 ring mail of the Vanishing Artisans
                  | {Str-5 Dex+4}
 76250 | Pan      | Identified the ring "Ceymin" {rC++ rN+ Str-3 Slay+4}
 76255 | Pan      | Got Cuothrug's Incunabulum of Dynamic Position
 76297 | Pan      | Identified the amulet of Deateste {Faith Int+2}
 76398 | Pan      | Entered the realm of Gloorx Vloq.
 76656 | Pan      | Noticed Gloorx Vloq
 76660 | Pan      | Killed Gloorx Vloq
 76679 | Pan      | Got a dark rune of Zot
 76907 | Depths:2 | Escaped Pandemonium
 76909 | Pan      | Entered Pandemonium
 77506 | Depths:2 | Escaped Pandemonium
 77508 | Pan      | Entered Pandemonium
 77605 | Pan      | Entered the realm of Lom Lobon.
 78062 | Pan      | Lost mutation: You are weak. (Str -2) [potion of mutation]
 78062 | Pan      | Gained mutation: You possess an exceptional clarity of
                  | mind. [potion of mutation]
 78062 | Pan      | Gained mutation: You occasionally lose the ability to read
                  | scrolls when taking damage. [potion of mutation]
 78062 | Pan      | Gained mutation: You are robust. (+10% HP) [potion of
                  | mutation]
 78063 | Pan      | Lost mutation: You occasionally lose the ability to read
                  | scrolls when taking damage. [potion of mutation]
 78063 | Pan      | Lost mutation: You possess an exceptional clarity of mind.
                  | [potion of mutation]
 78063 | Pan      | Gained mutation: You have sharp toenails. [potion of
                  | mutation]
 78063 | Pan      | Gained mutation: You are weak. (Str -2) [potion of
                  | mutation]
 78417 | Pan      | Noticed Lom Lobon
 78423 | Pan      | Killed Lom Lobon
 78450 | Pan      | Got a magical rune of Zot
 78532 | Pan      | Noticed Emuohuim the pandemonium lord
 78535 | Pan      | Killed Emuohuim the pandemonium lord
 78903 | Depths:2 | Escaped Pandemonium
 79063 | Tar:1    | Entered Level 1 of Tartarus
 79340 | Tar:2    | Noticed an ancient lich
 79342 | Tar:2    | Killed an ancient lich
 79805 | Tar:5    | You are sucked into a shaft and drop 1 floor!
 80010 | Tar:7    | Entered Level 7 of Tartarus
 80146 | Tar:7    | Noticed a dread lich
 80148 | Tar:7    | Killed a dread lich
 80427 | Tar:7    | Noticed Ereshkigal
 80431 | Tar:7    | Killed Ereshkigal
 80469 | Tar:7    | Noticed a dread lich
 80472 | Tar:7    | Killed a dread lich
 80473 | Tar:7    | Reached skill level 26 in Conjurations
 80482 | Tar:7    | Got a bone rune of Zot
 80606 | Hell     | Upgraded the game from 0.31-a0-319-g4fced40 to
                  | 0.31-a0-325-g067879e
 81093 | Tomb:1   | Entered Level 1 of the Tomb of the Ancients
 82145 | D:11     | Bought 3 scrolls of brand weapon for 1026 gold pieces
 82612 | Tomb:1   | Identified the +1 leather armour of the Untouchables
                  | {Stlth+}
 82715 | Tomb:1   | Reached skill level 5 in Air Magic
 83430 | Tomb:2   | Paralysed by a Zot trap for 3 turns
 83741 | Tomb:1   | Reached skill level 10 in Air Magic
 83832 | Tomb:1   | Learned a level 9 spell: Chain Lightning
 84047 | Tomb:3   | Entered Level 3 of the Tomb of the Ancients
 84205 | Tomb:3   | Identified the staff "Xiddoxtye" {rF+ rC+ Ice}
 84218 | Tomb:3   | Identified the +1 rapier of Resourcefulness {venom, Drain
                  | rElec Will+++ Str+8}
 84223 | Tomb:3   | Identified the ring "Zefuuxzu" {+Blink rCorr Int-5 Dex+4
                  | SInv}
 84246 | Tomb:3   | Identified the +9 mace of Inquiry {drain, rPois Int+6}
 84248 | Tomb:3   | Identified the +3 battleaxe of Moiluv {venom, rC+ rCorr
                  | Int+3}
 84263 | Tomb:3   | Identified the +8 orcbow of the Pillar {flame, rC+}
 84279 | Tomb:3   | Got the Elucidation of the Destined Tropics
 84321 | Tomb:3   | Reached skill level 15 in Air Magic
 84348 | Tomb:3   | Identified the ring "Inyrgh" {rPois rF+ Will+ rCorr}
 84451 | Tomb:3   | Identified the +5 scale mail "Tunne" {rF+ rC+ Int+3 Stlth+}
 84581 | Tomb:3   | Got a golden rune of Zot
 85397 | Geh:1    | Entered Level 1 of Gehenna
 86147 | Geh:7    | Entered Level 7 of Gehenna
 86216 | Geh:7    | Noticed the Serpent of Hell
 86224 | Geh:7    | Killed the Serpent of Hell
 86480 | Geh:7    | Found the +13 sceptre of Asmodeus
 86480 | Geh:7    | Noticed Asmodeus
 86515 | Geh:7    | Killed Asmodeus
 86569 | Geh:7    | Got an obsidian rune of Zot
 86738 | Dis:1    | Entered Level 1 of the Iron City of Dis
 87141 | Dis:4    | Noticed an ancient lich
 87143 | Dis:4    | Killed an ancient lich
 87417 | Dis:5    | Noticed an ancient lich
 87418 | Dis:5    | Killed an ancient lich
 87635 | Dis:7    | Entered Level 7 of the Iron City of Dis
 88020 | Dis:7    | Reached skill level 27 in Conjurations
 88090 | Dis:7    | Identified the +1 robe of the Thunderstorm {rElec Dex-4
                  | Slay+2}
 88102 | Dis:7    | Identified the +1 chain mail of the Pleiades {Dex+3 Stlth+}
 88294 | Dis:7    | Got the Annotations on Wounds
 88296 | Dis:7    | Identified the +6 dagger of Bile {flame, *Noise rF++}
 88303 | Dis:7    | Identified the +8 orcbow "Xekhev" {speed, rPois Will+
                  | Int+3}
 88617 | Dis:7    | Noticed Dispater
 88624 | Dis:7    | Killed Dispater
 88639 | Dis:7    | Found the +27 heavy crossbow "Sniper" {heavy, Acc+∞ SInv}
 88646 | Dis:7    | Got an iron rune of Zot
 88672 | Dis:7    | Reached skill level 5 in Stealth
 88679 | Dis:7    | Identified the +5 chain mail "Wopputunn" {Dex+5}
 88687 | Dis:7    | Identified the +6 short sword of Majestic Exoneration
                  | {elec, rF- rC- rN+++ Int+3}
 89081 | Zot:5    | Got the Orb of Zot
 89152 | Zot:3    | Noticed Rashro the pandemonium lord
 89153 | Zot:3    | Killed Rashro the pandemonium lord
 89393 | Depths:2 | Noticed a seraph
 89395 | Depths:2 | Identified the -2 tower shield of Hoanuoby {Int+4}
 89396 | Depths:2 | Killed a seraph
 89585 | D:9      | Noticed Pycow the pandemonium lord
 89587 | D:9      | Killed Pycow the pandemonium lord
 89630 | D:7      | Noticed Huarah the pandemonium lord
 89631 | D:7      | Reached skill level 10 in Stealth
 89633 | D:7      | Killed Huarah the pandemonium lord
 89738 | D:2      | Noticed Gifea the pandemonium lord
 89741 | D:2      | Killed Gifea the pandemonium lord
 89776 | D:$      | Escaped with the Orb!

Illustrated notes

Levels and vault maps discovered:
D:1:      minmay_arrival_hallway, layout_rooms, minmay_surrounded
D:2:      layout_basic, nicolae_ecumenical_pavilion, minmay_misc_feat_diagonals
D:3:      layout_loops_ring, makhleb_altar_promises_db, serial_shops,
          nicolae_shop_back_alley_shop, kennysheep_big_empty_room
D:4:      layout_loops_corners
D:5:      layout_loops_ring, hellmonk_okawaru_the_only_friend_you_need
D:6:      layout_loops_cross, minmay_temple_entry_enclosed_plants,
          lemuel_flamethrower_2, uniq_duvessa
D:7:      layout_cave_pools
D:8:      layout_gridville, chequers_temple_overflow_statue_of_worship
D:9:      layout_rooms, minitemple, lemuel_round_altar, hellmonk_lair_entry_icy
D:10:     layout_long_grid, riverfiend_overflow_shadow_ancestor,
          good_gods_mini_temple, minivault_25, uniq_nergalle
D:11:     layout_roguey, serial_shops, nicolae_shop_real_fake_doors,
          minmay_splitting_lines
D:12:     minmay_ornate_pinched, layout_loops_ring, orc_0_dummy,
          water_boxes_lemuel, uniq_rupert, uniq_jorgrun
D:13:     layout_long_grid
D:14:     layout_loops_ring, david_vaults_5, uniq_snorg
D:15:     hangedman_depths_entry_try_elsewhere_first, layout_basic,
          serial_shops, shop, doesnt_xom_only_xom, hangedman_decor_push
Temple:   nicolae_temple_colour_theory
Lair:1:   layout_chaotic_city, minivault_24
Lair:2:   nzn_winding_woodlands_huge [nzn_winding_woodlands_5x15_default,
          nzn_winding_woodlands_5x15_pathside_ponds,
          nzn_winding_woodlands_5x15_cabin, nzn_winding_woodlands_5x15_zeroes,
          nzn_winding_woodlands_5x15_pool,
          nzn_winding_woodlands_5x15_split_checker,
          nzn_winding_woodlands_5x15_concentric,
          nzn_winding_woodlands_5x15_crooked,
          nzn_winding_woodlands_5x15_river_crossing,
          nzn_winding_woodlands_5x15_sawtooth,
          nzn_winding_woodlands_center_lodge,
          nzn_winding_woodlands_center_triple_pond,
          nzn_winding_woodlands_15x15_thick_spiral], layout_regular_city,
          pdpol_lair_cabin_in_the_woods
Lair:3:   layout_roguey, nicolae_shoals_entry_flooding, spider_nest_entry_webs,
          gammafunk_ghost_split
Lair:4:   layout_gridlike, beast_lair_carwin_5
Lair:5:   hangedman_lair_in_review, layout_misc_corridors,
          guppyfry_lair_end_dragon, dpeg_slime_entry_enclosed,
          gauntlet_entry_generic, nzn_masters_of_martial_movement,
          serial_bayou_shore_b
Shoals:1: layout_shoals, serial_shops, shop
Shoals:2: layout_shoals, nicolae_stop_n_shop_2
Shoals:3: layout_shoals, serial_shops, shop, nicolae_shoals_flooded_hall,
          uniq_polyphemus, uniq_kirke
Shoals:4: shoals_end_grunt_ice, layout_shoals, nicolae_shop_overcharged_wands
Spider:1: layout_spider_delve
Spider:2: layout_spider_delve, nicolae_arachne_temple, uniq_donald
Spider:3: layout_spider_delve, hangedman_spider_mandibles, uniq_arachne
Spider:4: grunt_spider_rune_circles, nicolae_spider_undead_wolf_pack,
          uniq_asterion, uniq_mlioglotl
Slime:1:  layout_caves
Slime:2:  layout_caves
Slime:3:  layout_caves
Slime:4:  layout_caves
Slime:5:  slime_pit_nicolae_block_by_block
Orc:1:    minmay_goldmine, layout_caves, serial_shops, shop
Orc:2:    kennysheep_orc_mage_school, layout_caves, nicolae_orc_bridge_out
Elf:1:    elf_arrival_002, layout_onion_city, ebering_ghost_disaster_area,
          minmay_elf_necromancy, uniq_azrael, uniq_zenata
Elf:2:    elven_hall_of_blades_hangedman_original [nicolae_blade_bullseye],
          layout_loops_cross, basic_altar, bh_hangedman_babel_library,
          uniq_louise, uniq_saint_roka
Elf:3:    minmay_elf_hall_not_hex, layout_gridlike, lemuel_flamethrower_3
Vaults:1: nicolae_vaults_weapon_check, v_pattern_1, v_alt_pattern_5,
          nicolae_vaults_shelves_hall, nicolae_vaults_trapezoid_2,
          vaults_room_grid, v_misc_10, grunt_vaults_funnel, vaults_room_grid,
          nicolae_vaults_network_star, vaults_dpeg_cross, layout_vaults_ring
Vaults:2: nicolae_vaults_border_crossing, nicolae_vaults_shrinking_rooms_1,
          v_pattern_3, ontoclasm_vaults_tryst, st_octagons_2,
          nicolae_vaults_disjoint_gnomons, nicolae_vaults_little_squares_4,
          nicolae_vaults_tetromino_L_2, hangedman_vaults_unwind,
          hangedman_vaults_snaps, nicolae_vaults_house_1,
          nicolae_vaults_layer_cake_slice, vaults_room_grid,
          layout_vaults_omnibox, uniq_nikola, uniq_mennas, uniq_margery
Vaults:3: minmay_crypt_entry_simple_plaza, nicolae_vaults_network_quincunx
          [nicolae_vaults_network_quincunx_subvault,
          nicolae_vaults_network_quincunx_subvault,
          nicolae_vaults_network_quincunx_subvault,
          nicolae_vaults_network_quincunx_subvault,
          nicolae_vaults_network_quincunx_subvault],
          nicolae_vaults_closet_pinwheel_5,
          nicolae_vaults_windows_and_doors_thing, nicolae_vaults_big_ls,
          nicolae_vaults_little_squares_5, vaults_room_fours,
          vaults_mumra_chevron_long, nicolae_vaults_three_branches,
          nicolae_vaults_layer_cake_slice, nicolae_vaults_specimen_jars,
          nicolae_vaults_trapezoid_lopsided_3, vaults_dpeg_diagonal,
          vaults_room_stairs_pillars, nicolae_vaults_house_2,
          layout_vaults_omnicross
Vaults:4: nicolae_vaults_trapezoid_lopsided_2, nicolae_vaults_asterisk,
          nicolae_vaults_six-pack, ontoclasm_vaults_spin, vaults_dpeg_ring,
          vaults_room_large_hall, grunt_vaults_hallway_short, v_misc_15,
          nicolae_vaults_double_plus_1, grunt_tower_of_power,
          ontoclasm_vaults_loading_screen, nicolae_vaults_oval_intersection,
          nicolae_vaults_taking_the_gang_shopping, layout_vaults_quadrants,
          serial_shops, shop_statue
Vaults:5: serial_shops
Crypt:1:  layout_chaotic_city, lightli_enter_wizlab_magi_temple,
          grunt_crypt_arrival_guarded_gate
Crypt:2:  layout_basic, uniq_sojobo
Crypt:3:  quadcrypt_mu
Tomb:1
Tomb:2
Tomb:3
Depths:1: layout_roguey, grunt_mini_vestibule, serial_glass, glass_columns_a,
          glass_columns_b, tso_oasis_becter, uniq_aizul
Depths:2: grunt_deathspiral_small, layout_cave_pools, lemuel_blue_sif_altar,
          hell_entry, rand_demon_pan_entry_1, uniq_bai_suzhen, uniq_grunn
Depths:3: minmay_tri_stars, layout_honeycomb, abyss_entry,
          grunt_hell_entry_dis_old, serial_shops, shop, nicolae_shop_waterfront,
          shop, nicolae_shop_overgrown_old_shop
Depths:4: grunt_zot_entry_funnels, layout_gridlike, enter_ziggurat_c,
          hangedman_decor_lopped, hell_entry, uniq_josephina
Hell
Dis:1:    layout_regular_city
Dis:2:    layout_subdivisions
Dis:3:    layout_subdivisions
Dis:4:    nicolae_dis_big_iron_x
Dis:5:    layout_gridville
Dis:6:    layout_regular_city
Dis:7:    iron_city_of_dis [dis_old, dis_wall_1], layout_gridville,
          serial_glass, glass_columns_b, glass_columns_b, glass_columns_b,
          glass_columns_a, glass_columns_a
Geh:1:    layout_gehenna_lava_caves
Geh:2:    layout_gehenna_pools_triple
Geh:3:    layout_gehenna_pools_basic
Geh:4:    layout_gehenna_lava_caves, nicolae_geh_amphitheater
Geh:5:    layout_gehenna_pools_triple
Geh:6:    nicolae_geh_realm_of_the_lava_sea
Geh:7:    geh_hangedman
Coc:1:    layout_ice_bergs
Coc:2:    layout_ice_bergs
Coc:3:    layout_cocytus_delve
Coc:4:    layout_cocytus_delve
Coc:5:    layout_cocytus_water_paths
Coc:6:    layout_ice_bergs, serial_ice, serial_ice_d, serial_ice_h, serial_ice_b
Coc:7:    coc_grunt_cove [coc_grunt_cove_antaeus, coc_grunt_cove_fiend,
          coc_grunt_cove_fiend, coc_grunt_cove_fiend, coc_grunt_cove_fiend]
Tar:1:    layout_honeycomb, evilmike_ambush [evilmike_ambush_outer_basic,
          evilmike_ambush_inner_cross]
Tar:2:    layout_honeycomb
Tar:3:    layout_grid_maze
Tar:4:    layout_grid_maze, nicolae_tar_cuneiform_to_be
Tar:5:    layout_honeycomb
Tar:6:    layout_catacombs
Tar:7:    tar_grunt_cathedral
Zot:1:    layout_cathedral_of_symmetry, grunt_megastairs_5
Zot:2:    grunt_twist_and_shout, layout_concentric_octagons
Zot:3:    layout_twisted_circle, st_stairs_1
Zot:4:    layout_gridlike, grunt_ministairs_13
Zot:5:    layout_onion, amcnicky_altar_lugonu_corruption

Skill      XL: |  1  2  3  4  5  6  7  8  9 10 11 12 13 14 15 16 17 18 19 20 21 22 23 24 25 26 27 |
---------------+----------------------------------------------------------------------------------+-----
Spellcasting   | 2 3 4 5 6 7 9 11 12 13 14 16 18 21 | 21.0
Conjurations   | 4 5 6 7 8 9 11 12 14 15 17 20 27 | 27.0
Fighting       | 1 2 3 5 6 7 11 12 13 14 23 | 23.5
Translocations | 1 2 |  2.0
Hexes          | 1 2 3 |  3.0
Fire Magic     | 2 5 6 8 12 15 17 18 20 | 20.0
Dodging        | 2 5 7 10 14 16 19 | 19.0
Armour         | 1 4 6 8 |  8.6
Shapeshifting  | 2 8 12 15 21 | 21.0
Ice Magic      | 5 7 13 14 | 14.0
Air Magic      | 3 20 | 20.0
Long Blades    | 6 8 10 11 12 14 | 14.0
Shields        | 7 10 12 | 12.0
Earth Magic    | 5 8 |  8.0
Stealth        | 10 | 10.9

Action                     |  1- 3 |  4- 6 |  7- 9 | 10-12 | 13-15 | 16-18 | 19-21 | 22-24 | 25-27 || total
---------------------------+-------+-------+-------+-------+-------+-------+-------+-------+-------++-------
  Melee: Rapier            |     4 |       |       |       |       |       |       |       |       ||     4
         Short sword       |    46 |    40 |    83 |    48 |    32 |       |       |       |       ||   249
         Punch             |       |       |     2 |     1 |     2 |     1 |       |       |       ||     6
         Staff             |       |       |     1 |    23 |    30 |    25 |    28 |    10 |   138 ||   255
         Falchion          |       |       |       |       |       |    68 |    35 |    57 |    74 ||   234
         Double sword      |       |       |       |       |       |       |       |       |   101 ||   101
  Throw: Javelin           |       |     1 |       |       |       |       |       |       |       ||     1
         Dart              |       |       |       |     4 |     2 |     1 |       |       |       ||     7
   Cast: Magic Dart        |    69 |     6 |    15 |     1 |     2 |     9 |       |       |       ||   102
         Searing Ray       |     4 |    21 |    43 |    26 |    12 |       |       |       |       ||   106
         Fulminant Prism   |       |       |    16 |    27 |    83 |    13 |     1 |     2 |       ||   142
         Flame Wave        |       |       |     9 |    71 |    33 |    15 |       |       |       ||   128
         Iskenderun's Myst |       |       |     1 |    20 |   100 |    81 |    31 |    46 |    55 ||   334
         Starburst         |       |       |       |     1 |   173 |   218 |    89 |    84 |    24 ||   589
         Freezing Cloud    |       |       |       |       |    22 |    31 |     6 |     4 |     1 ||    64
         Fireball          |       |       |       |       |       |   171 |   197 |   173 |   129 ||   670
         Ignition          |       |       |       |       |       |     6 |   146 |   159 |   174 ||   485
         Orb of Destructio |       |       |       |       |       |       |    24 |    46 |    12 ||    82
         Fire Storm        |       |       |       |       |       |       |       |       |   618 ||   618
         Lehudib's Crystal |       |       |       |       |       |       |       |       |   288 ||   288
         Chain Lightning   |       |       |       |       |       |       |       |       |   178 ||   178
         Ozocubu's Refrige |       |       |       |       |       |       |       |       |    33 ||    33
Ability: Begin Untransform |       |       |       |       |     1 |     2 |     4 |     1 |     5 ||    13
  Evoke: Wand              |       |       |     6 |     2 |    11 |     2 |       |       |     4 ||    25
    Use: Scroll            |     1 |       |    13 |    14 |    10 |    10 |     4 |     3 |    34 ||    89
         Potion            |       |       |       |     2 |     3 |     5 |     4 |     1 |    20 ||    35
   Stab: Sleeping          |     1 |       |     2 |       |       |     1 |       |       |       ||     4
 Armour: Robe              |    12 |     8 |    40 |    61 |    54 |       |       |     1 |   103 ||   279
         Skin              |       |       |       |    14 |       |   285 |   102 |   134 |    23 ||   558
         Troll leather arm |       |       |       |       |    70 |    17 |     5 |       |       ||    92
  Dodge: Dodged            |    44 |    59 |   175 |   232 |   395 |   386 |   115 |   241 |   718 ||  2365
  Block: Buckler           |       |       |       |       |       |   218 |   214 |    54 |       ||   486
         Other             |       |       |       |       |       |    38 |       |       |       ||    38
         Reflection        |       |       |       |       |       |    21 |    40 |     4 |       ||    65
         Orb               |       |       |       |       |       |       |       |    48 |    19 ||    67
   Form: Anaconda          |       |       |       |       |     1 |       |       |       |       ||     1
         Statue            |       |       |       |       |       |     3 |     4 |     2 |       ||     9
         Dragon            |       |       |       |       |       |       |       |     1 |       ||     1
         Death             |       |       |       |       |       |       |       |       |     5 ||     5

Table legend: (Time is in decaauts)
 A = Elapsed time spent in this place.
 B = Non-inter-level travel time spent in this place.
 C = Inter-level travel time spent in this place.
 D = Time resting spent in this place.
 E = Time spent auto-exploring this place.
 F = Levels seen in this place.
 G = Mean time per level.
                   A        B        C        D        E       F      G
               +--------+--------+--------+--------+--------+-----+--------+
         Total | 109236 |  97282 |  11954 |   8250 |  60345 | 122 |  895.4 |
       Dungeon |  19117 |  16166 |   2951 |   1184 |  11525 |  15 | 1274.5 |
        Temple |     15 |     10 |      5 |      0 |      0 |   1 |   15.0 |
          Lair |  10711 |   9295 |   1416 |   1319 |   6009 |   5 | 2142.2 |
        Shoals |   6183 |   5786 |    397 |    519 |   3799 |   4 | 1545.8 |
   Spider Nest |   7008 |   6498 |    510 |   1034 |   3784 |   4 | 1752.0 |
    Slime Pits |   2912 |   2746 |    166 |    325 |   1411 |   5 |  582.4 |
  Orcish Mines |   2747 |   2440 |    307 |    145 |   1705 |   2 | 1373.5 |
   Elven Halls |   7108 |   6619 |    489 |    832 |   3909 |   3 | 2369.3 |
        Vaults |  15061 |  13541 |   1520 |    821 |   9549 |   5 | 3012.2 |
         Crypt |   6587 |   5552 |   1035 |    264 |   3758 |   3 | 2195.7 |
          Tomb |   2660 |   2381 |    279 |     49 |   1137 |   3 |  886.7 |
        Depths |   8820 |   7243 |   1577 |    245 |   5504 |   4 | 2205.0 |
          Hell |   1124 |    935 |    189 |    128 |    441 |   1 | 1124.0 |
           Dis |   2082 |   1948 |    134 |    206 |    684 |   7 |  297.4 |
       Gehenna |   1343 |   1290 |     53 |     95 |    273 |   7 |  191.9 |
       Cocytus |   1263 |   1186 |     77 |    239 |     80 |   7 |  180.4 |
      Tartarus |   1618 |   1583 |     35 |     47 |    541 |   7 |  231.1 |
           Zot |   5914 |   5107 |    807 |    187 |   3800 |   5 | 1182.8 |
         Abyss |    463 |    463 |      0 |      0 |    100 |   3 |  154.3 |
   Pandemonium |   3845 |   3845 |      0 |    265 |   1747 |  14 |  274.6 |
      Ziggurat |   1400 |   1400 |      0 |    236 |    184 |  15 |   93.3 |
        Wizlab |    511 |    511 |      0 |     31 |    132 |   1 |  511.0 |
      Gauntlet |    733 |    733 |      0 |     77 |    265 |   1 |  733.0 |
               +--------+--------+--------+--------+--------+-----+--------+

Top non-repeatable levels by time:
Vaults:3: 3383 daAuts
 Crypt:3: 3369 daAuts
Vaults:5: 3174 daAuts
  Lair:2: 3009 daAuts
Vaults:2: 2892 daAuts
Vaults:4: 2868 daAuts
Vaults:1: 2741 daAuts
Depths:3: 2733 daAuts
   Elf:2: 2710 daAuts
   Elf:3: 2586 daAuts
Depths:4: 2372 daAuts
  Lair:5: 2343 daAuts
Spider:4: 2263 daAuts
Depths:2: 2174 daAuts
  Lair:1: 1989 daAuts
